 Dungeon Crawl Stone Soup version 0.29.0 (webtiles) character file.

Game seed: 11300538829923317226

108 lightspider the Trooper (level 5, -4/42 HPs)
             Began as a Human Fighter on Aug 25, 2022.
             Slain by Natasha (6 damage)
             ... on level 3 of the Dungeon.
             The game lasted 00:06:58 (2234 turns).

lightspider the Trooper (Human Fighter)             Turns: 2234, Time: 00:06:58

Health: -4/42      AC:  8    Str: 18    XL:     5   Next: 12%
Magic:  5/5        EV:  9    Int:  9    God:
Gold:   120        SH:  4    Dex: 12    Spells: 4/4 levels left

rFire   . . .      SeeInvis .   a - +1 long sword
rCold   . . .      Faith    .   c - +0 buckler
rNeg    . . .      Spirit   .   b - +1 scale mail
rPois   .          Reflect  .   (no helmet)
rElec   .          Harm     .   (no cloak)
rCorr   .          Rampage  .   (no gloves)
Will    .....                   (no boots)
Stlth   ..........              (no amulet)
HPRegen 0.14/turn               (no ring)
MPRegen 0.09/turn               (no ring)

@: mighty, brilliant
A: no striking features
a: no special abilities


You were on level 3 of the Dungeon.
You visited 1 branch of the dungeon, and saw 3 of its levels.

You collected 120 gold pieces.

Inventory:

Hand Weapons
 a - a +1 long sword (weapon)
Missiles
 j - 6 boomerangs (quivered)
Armour
 b - a +1 scale mail (worn)
 c - a +0 buckler (worn)
 h - a +0 ring mail
Scrolls
 g - 2 scrolls of identify
Potions
 e - a potion of magic


   Skills:
 + Level 3.9 Fighting
 + Level 3.2 Long Blades
 + Level 3.9 Armour
 - Level 3.0 Shields


You had 4 spell levels left.
You didn't know any spells.
Your spell library contained the following spells:

 Spells                   Type           Power      Damage    Failure   Level
 Summon Ice Beast         Ice/Summ       0%         N/A       100%        4
 Fireball                 Conj/Fire      0%         3d3       100%        5
 Iskenderun's Battlesphe  Conj           0%         2d6       100%        5
 Summon Mana Viper        Hex/Summ       0%         N/A       100%        5
 Conjure Ball Lightning   Conj/Air       0%         3x3d6     100%        6
 Monstrous Menagerie      Summ           0%         N/A       100%        7
 Orb of Destruction       Conj           0%         9d5       100%        7


Dungeon Overview and Level Annotations

Branches:
Dungeon (3/15)

Altars:
Nemelex Xobeh

Annotations:
D:3 Natasha


Message History

You barely miss Natasha. The shadow imp hits you. You block Natasha's attack.
The shadow imp hits you. Natasha barely misses you.
You miss Natasha.
The shadow imp hits you but does no damage.
Natasha barely misses you. The shadow imp gestures at you.
You barely resist. You closely miss Natasha.
Natasha growls.
Natasha claws you! The shadow imp barely misses you. Natasha barely misses you.
You closely miss Natasha.
You feel yourself speed up. The shadow imp barely misses you.
Natasha casts a spell at you. The magic dart hits you.
The shadow imp hits you but does no damage.
You block Natasha's attack.
You miss Natasha.
The shadow imp disappears in a puff of smoke!
Natasha casts a spell at you. The magic dart hits you!
* * * LOW HITPOINT WARNING * * *
Press: ? - help, v - describe, . - travel
Here: Natasha (grey smoke)
An open door.
Okay, then.
It was a potion of brilliance.
You feel clever all of a sudden. Natasha claws you but does no damage.
You slash Natasha!
Natasha is severely wounded.
Natasha claws you.
* * * LOW HITPOINT WARNING * * *
Okay, then.
You closely miss Natasha.
Natasha is severely wounded.
Natasha howls an incantation.
You feel troubled. Natasha closely misses you. Natasha claws you.
You die...

.#..................#............
#...........................#.##.
<................(...............
.##.........................#.##.
.##.........................#.#
...................)....h...#.##
####...######....#######...>....
#..### ##...# ### #...##.#. ...#
##.@#######..## ... .##
##.h.._..'..# ## #.###.###..# #.#
#.# #..# #.# #+# #..# #.. ...#
### ...# ####


You could see Natasha.

Vanquished Creatures
  Natasha (twice) (D:3)
  2 adders
  A dart slug (D:1)
  An orc (D:3)
  2 endoplasms (D:2)
  2 giant cockroaches
  2 goblins
  5 hobgoblins
  4 kobolds
  2 quokkas
  3 ball pythons (D:2)
  6 bats
  2 frilled lizards
  3 rats
37 creatures vanquished.

Notes
Turn   | Place    | Note
-------+----------+-------------------------------------------
     0 | D:1      | lightspider the Human Fighter began the quest for the Orb.
     0 | D:1      | Reached XP level 1. HP: 18/18 MP: 1/1
   221 | D:1      | Reached XP level 2. HP: 24/24 MP: 2/2
   869 | D:2      | Reached XP level 3. HP: 15/29 MP: 3/3
  1745 | D:3      | Noticed Natasha
  2048 | D:3      | Killed Natasha
  2049 | D:3      | Reached XP level 4. HP: 30/37 MP: 4/4
  2107 | D:3      | Found a sparkling altar of Nemelex Xobeh.
  2146 | D:3      | Noticed Natasha
  2161 | D:3      | Killed Natasha
  2163 | D:3      | Reached XP level 5. HP: 34/42 MP: 5/5
  2196 | D:3      | Noticed Natasha
  2233 | D:3      | HP: 2/42 [Natasha (3)]
  2234 | D:3      | Slain by Natasha

Illustrated notes

Levels and vault maps discovered:
D:1:      lightli_arrival_windingriver, layout_basic,
          minmay_misc_feat_four_crosses, serial_bayou_pond_d,
          chequers_serial_rivers_small_a
D:2:      layout_basic, chequers_serial_rivers_micro_d,
          chequers_serial_rivers_room_a
D:3:      layout_rooms, lemuel_doored_altar,
          chequers_temple_overflow_minitemple,
          dreamdust_ecumenical_altar_drowned_temple,
          wander_ebering_terrifying_dragon_lair, uniq_natasha

Skill      XL: |  1  2  3 |
---------------+----------+-----
Long Blades    | 3 |  3.2
Fighting       | |  3.9
Armour         | |  3.9
Shields        | |  3.0

Action                   |  1- 3 |  4- 6 || total
-------------------------+-------+-------++-------
Melee: Long sword        |   124 |    40 ||   164
  Use: Scroll            |     5 |     3 ||     8
       Potion            |     1 |     4 ||     5
Armor: Scale mail        |    78 |    27 ||   105
Dodge: Dodged            |    64 |    37 ||   101
Block: Buckler           |    30 |    16 ||    46
